 Dungeon Crawl Stone Soup version 0.18.1-48-g4cf74bf (webtiles) character file.

65 Jerry the Firebug (level 3, -6/26 HPs)
             Began as a Draconian Fire Elementalist on Aug 21, 2016.
             Was an Initiate of Vehumet.
             Killed from afar by loom's ghost (7 damage)
             ... with a magic dart
             ... on level 3 of the Dungeon.
             The game lasted 00:05:26 (1730 turns).

Jerry the Firebug (Draconian Fire Elementalist)     Turns: 1730, Time: 00:05:26

Health: -6/26      AC:  6    Str: 10    XL:     3   Next: 92%
Magic:  7/7        EV: 12    Int: 16    God:    Vehumet [......]
Gold:   158        SH:  0    Dex: 11    Spells: 1 memorised, 7 levels left

rFire  . . .     SeeInvis .     j - +0 dagger
rCold  . . .     Gourm    .     (armour unavailable)
rNeg   . . .     Faith    .     (no shield)
rPois  .         Spirit   .     (helmet restricted)
rElec  .         Dismiss  .     m - +0 cloak
rCorr  .         Reflect  .     (no gloves)
SustAt .         Harm     .     (no boots)
MR     .....                    (no amulet)
Stlth  ++........               (no ring)
                                (no ring)

@: not resistant to hostile enchantments, unstealthy
A: unfitting armour, cold-blooded, AC +5
a: Renounce Religion


You were on level 3 of the Dungeon.
You worshipped Vehumet.
Vehumet was noncommittal.
You were not hungry.

You visited 1 branch of the dungeon, and saw 3 of its levels.

You collected 158 gold pieces.

Inventory:

Hand Weapons
 c - a +0 club
 j - a +0 dagger (weapon)
Armour
 m - a +0 cloak (worn)
Scrolls
 d - a scroll of noise {unknown}
 g - 2 scrolls of fear {unknown}
 h - 3 scrolls of identify {unknown}
 i - a scroll of magic mapping {unknown}
 k - a scroll of enchant weapon {unknown}
Potions
 e - a potion of curing {unknown}
 f - a potion of might {unknown}
 l - 2 potions of ambrosia {unknown}
 n - a potion of heal wounds {unknown}
 o - a potion of degeneration {unknown}
 p - a potion of cure mutation {unknown}
Books
 a - a book of Flames

   Spells                             Type                      Level
   a - Flame Tongue                   Conjuration/Fire             1
   b - Throw Flame                    Conjuration/Fire             2
   c - Conjure Flame                  Conjuration/Fire             3
   d - Inner Flame                    Hexes/Fire                   3
   e - Sticky Flame                   Conjuration/Fire             4
   f - Fireball                       Conjuration/Fire             5
Comestibles
 b - a bread ration
 q - 4 chunks of flesh


   Skills:
 - Level 1.7 Dodging
 - Level 1.7 Stealth
 + Level 3.0 Spellcasting
 + Level 2.1 Conjurations
 + Level 3.6 Fire Magic


You had 7 spell levels left.
You knew the following spells:

 Your Spells              Type           Power        Failure   Level  Hunger
a - Flame Tongue          Conj/Fire      ##...        8%          1    #......


Dungeon Overview and Level Annotations

Branches:
Dungeon (3/15)

Altars:
Elyvilon
Vehumet

Annotations:
D:3 loom's ghost, amateur DECj


Innate Abilities, Weirdness & Mutations

Your plain brown scales are hard (AC +5).
Your body does not fit into most forms of armour.
You are cold-blooded and may be slowed by cold attacks.


Message History

The magic dart hits you! Loom's ghost casts a spell at you.
The magic dart hits you!
* * * LOW HITPOINT WARNING * * *
There is an open door here.
You close the door.
Loom's ghost opens the door.
Loom's ghost gestures at you while chanting.
The magic dart hits you!
* * * LOW HITPOINT WARNING * * *
Loom's ghost points at you and mumbles some strange words.
The magic dart hits you!
Things that are here:
a club; a hobgoblin skeleton Loom's ghost points at you and mumbles some strange words.
The magic dart hits you!
* * * LOW HITPOINT WARNING * * *
Loom's ghost gestures at you while chanting.
The magic dart hits you!
You die...

#.# #.# ##+## #.# ## ##...##
#.# #.## ##.....## #.# #.##
##.......## ##.## #..##
#.........####...#######.#.#
+<........+@....^.W........[
#.........####...#######.#.#
##.......#####..###### #.#..
##..................# #.###
##...#.#.#.#.#.#.#.###.###
##+##......†............)
##...⌠.....⌠....######
#......._†......# #
#....⌠.....⌠...## #


You could see loom's ghost.

Vanquished Creatures
  2 adders
  A worm (D:2)
  A dart slug (D:1)
  2 giant geckos
  3 giant cockroaches
  5 hobgoblins
  4 kobolds
  5 bats
  3 giant newts
  7 goblins
  5 rats
38 creatures vanquished.

Notes
Turn   | Place    | Note
--------------------------------------------------------------
     0 | D:1      | Jerry the Draconian Fire Elementalist began the quest for the Orb.
     0 | D:1      | Reached XP level 1. HP: 14/14 MP: 3/3
   103 | D:1      | Reached XP level 2. HP: 20/20 MP: 5/5
   647 | D:2      | Reached XP level 3. HP: 12/26 MP: 1/7
  1012 | D:2      | Found a radiant altar of Vehumet.
  1051 | D:2      | Became a worshipper of Vehumet
  1572 | D:3      | Found a white marble altar of Elyvilon.
  1695 | D:3      | Noticed loom's ghost (amateur DECj)
  1727 | D:3      | HP: 1/26 [loom's ghost/magic dart (3)]
  1730 | D:3      | Killed from afar by loom's ghost

Skill      XL: |  1  2  3 |
---------------+----------+-----
Conjurations   | 2 |  2.1
Spellcasting   | 3 |  3.0
Dodging        | |  1.7
Stealth        | |  1.7
Fire Magic     | |  3.6

Action                   || total
-------------------------++-------
Melee: Club              ||    61
       Tailslap          ||    11
       Unarmed           ||     1
       Dagger            ||    32
 Cast: Flame Tongue      ||    29
  Eat: Chunk             ||     3
Armor: Skin              ||    30
Dodge: Dodged            ||    84
